 Dungeon Crawl Stone Soup version 0.29.1-2-gbd0b4ee654 (webtiles) character file.

Game seed: 3547440095573111681

3257 McKennaii the Destroyer (level 9, -11/62 HPs)
             Began as a Demigod Conjurer on Nov 8, 2022.
             Mangled by a seven-headed hydra (13 damage)
             ... on level 1 of the Lair of Beasts.
             The game lasted 00:08:27 (9038 turns).

McKennaii the Destroyer (Demigod Conjurer)          Turns: 9038, Time: 00:08:29

Health: -11/62     AC:  5    Str:  8    XL:     9   Next: 40%
Magic:  17/21      EV: 14    Int: 32    God:
Gold:   497        SH:  0    Dex: 12    Spells: 13/20 levels left

rFire   . . .      SeeInvis .   F - +3 scimitar (elec)
rCold   . . .      Faith    .   (no shield)
rNeg    . . .      Spirit   .   K - +0 steam dragon scales
rPois   +          Reflect  .   (no helmet)
rElec   .          Harm     .   (no cloak)
rCorr   .          Rampage  .   (no gloves)
Will    +....                   (no boots)
Stlth   ++........              (no amulet)
HPRegen 0.20/turn               J - ring of poison resistance
MPRegen 0.17/turn               B - ring of willpower

@: no status effects
A: high MP 1, forlorn, divine attributes
a: no special abilities


You were on level 1 of the Lair of Beasts.
You visited 2 branches of the dungeon, and saw 9 of its levels.

You collected 497 gold pieces.

Inventory:

Hand Weapons
 F - a +3 scimitar of electrocution (weapon)
Missiles
 D - a throwing net
Armour
 K - +0 steam dragon scales (worn)
Jewellery
 t - the ring "Celuaga" {Fire Dex+7}
   (You found it on level 3 of the Dungeon)

   [ring of fire]

   It enhances your fire magic.
   Dex:       It affects your dexterity (+7).
   rF:        It protects you from fire.
   rC:        It makes you vulnerable to cold.
 B - a ring of willpower (right hand)
 J - a ring of poison resistance (left hand)
Wands
 a - a wand of roots (9)
 p - a wand of digging (3)
 E - a wand of mindburst (11)
 H - a wand of polymorph (8)
Scrolls
 f - a scroll of immolation {unknown}
 g - 2 scrolls of noise {unknown}
 i - 2 scrolls of blinking
 m - a scroll of teleportation {unknown}
 o - 3 scrolls of vulnerability {unknown}
 r - a scroll of enchant armour {unknown}
 s - 3 scrolls of identify {unknown}
 u - 2 scrolls of fog {unknown}
 y - 2 scrolls of poison {unknown}
 z - a scroll of summoning {unknown}
 A - a scroll of magic mapping {unknown}
 G - 3 scrolls of torment {unknown}
Potions
 b - 2 potions of magic
 c - 3 potions of ambrosia
 d - 4 potions of attraction {unknown}
 e - a potion of resistance {unknown}
 h - 4 potions of mutation {unknown}
 j - a potion of haste {unknown}
 k - 2 potions of cancellation {unknown}
 l - 2 potions of curing {unknown}
 n - a potion of brilliance {unknown}
 q - 3 potions of lignification {unknown}
 v - a potion of might {unknown}
 w - a potion of degeneration {unknown}
 x - a potion of flight {unknown}
 C - a potion of berserk rage {unknown}
 I - 3 potions of heal wounds


   Skills:
 - Level 6.0 Dodging
 - Level 4.0 Stealth
 - Level 6.0 Spellcasting
 * Level 9.4 Conjurations


You had 13 spell levels left.
You knew the following spells:

 Your Spells              Type           Power      Damage    Failure   Level
a - Magic Dart            Conj           100%       1d8       1%          1
b - Searing Ray           Conj           100%       2d8       1%          2
c - Iskenderun's Mystic   Conj/Tloc      39%        2d9       7%          4

Your spell library contained the following spells:

 Spells                   Type           Power      Damage    Failure   Level
 Dazzling Flash           Conj/Hex       78%        N/A       1%          3
 Ensorcelled Hibernation  Hex/Ice        18%        N/A       7%          2
 Poisonous Vapours        Pois/Air       18%        N/A       7%          2
 Fulminant Prism          Conj/Hex       19%        3d11      7%          4
 Call Canine Familiar     Summ           9%         N/A       14%         3
 Portal Projectile        Hex/Tloc       18%        N/A       14%         3
 Spider Form              Tmut/Pois      9%         N/A       14%         3
 Anguish                  Hex/Necr       4%         N/A       41%         4
 Corpse Rot               Necr/Pois/Air  9%         N/A       41%         4
 Leda's Liquefaction      Hex/Erth       4%         N/A       41%         4


Dungeon Overview and Level Annotations

Branches:
Dungeon (8/15)             Temple (0/1) D:4            Lair (1/5) D:8

Shops:
D:4 [

Annotations:
D:6 2 transporters, waddelsworth's ghost, novice GrEE


Innate Abilities, Weirdness & Mutations

You have an increased reservoir of magic. (+10% MP)
You shall have no god before yourself.
Your divine heritage dramatically boosts your attributes as you level up.


Message History

(Press . to maintain the ray.) Unknown command.
The searing ray hits the komodo dragon.
The komodo dragon is almost dead.
The komodo dragon completely misses you.
Unknown command.
The searing ray hits the komodo dragon!
You kill the komodo dragon!
Training target 6.0 for Dodging reached!
Your Dodging skill increases to level 6!
You start resting.
A seven-headed hydra comes into view.
You climb upwards.
Welcome back to the Dungeon!
There is a staircase to the Lair here.
You start resting.
HP restored.
You start resting.
Magic restored.
You climb downwards.
Welcome back to the Lair of Beasts!
The seven-headed hydra bites you! The seven-headed hydra bites you.
The seven-headed hydra barely misses you.
The seven-headed hydra bites you!
The seven-headed hydra barely misses you.
The seven-headed hydra bites you! x2
* * * LOW HITPOINT WARNING * * *
There is a staircase back to the Dungeon, spattered with blood here.
Casting: Searing Ray (safe; 1% risk of failure)
Confirm with . or Enter, or press ? or * to list all spells.
You erupt in a blast of force!
The mystic blast hits the seven-headed hydra!
The seven-headed hydra is lightly wounded.
The seven-headed hydra bites you!
* * * LOW HITPOINT WARNING * * *
The seven-headed hydra bites you.
* * * LOW HITPOINT WARNING * * *
The seven-headed hydra completely misses you.
The seven-headed hydra misses you.
The seven-headed hydra bites you but does no damage.
The seven-headed hydra bites you!
You die...

.....##
......#
.....#
.....#
.....##
###.......
###.........
#..D@.......
#....#####..
#....#
#....#
#....#
.....#
##.....
#.....


You could see a seven-headed hydra.

Vanquished Creatures
  Pikel (D:6)
  A komodo dragon (Lair:1)
  A yak (D:8)
  2 steam dragons (D:8)
  A water moccasin (D:6)
  2 black bears
  4 ogres
  A centaur (D:3)
  A lemure (D:7)
  A kobold brigand (D:8)
  4 bullfrogs
  Blork the orc (D:6)
  A scorpion (D:5)
  3 necrophages
  A gnoll sergeant (D:6)
  A wight (D:8)
  A killer bee (D:8)
  A howler monkey (D:6)
  4 hounds
  3 jellies
  2 orc priests
  3 orc wizards (D:7)
  10 gnolls
  7 adders
  A white imp (D:8)
  2 ufetubi (D:5)
  3 worms
  A dart slug (D:5)
  14 orcs
  11 ball pythons
  7 endoplasms
  2 giant cockroaches
  4 goblins
  4 hobgoblins
  6 jackals
  14 kobolds
  3 quokkas
  6 bats
  3 frilled lizards
  3 rats
141 creatures vanquished.

Vanquished Creatures (others)
  7 fungi
  2 plants
9 creatures vanquished.

Grand Total: 150 creatures vanquished

Notes
Turn   | Place    | Note
-------+----------+-------------------------------------------
     0 | D:1      | McKennaii the Demigod Conjurer began the quest for the Orb.
     0 | D:1      | Reached XP level 1. HP: 14/14 MP: 5/5
   247 | D:1      | Reached XP level 2. HP: 20/20 MP: 1/7
   913 | D:2      | Reached skill level 4 in Conjurations
   913 | D:2      | Reached XP level 3. HP: 26/26 MP: 0/9
  1248 | D:2      | Learned a level 2 spell: Searing Ray
  1854 | D:2      | Reached XP level 4. HP: 31/33 MP: 4/10
  2470 | D:3      | Noticed a centaur
  2486 | D:3      | Killed a centaur
  2487 | D:3      | Reached XP level 5. HP: 28/38 MP: 4/12
  2863 | D:3      | Identified the ring "Celuaga" {Fire Dex+7}
  3076 | D:4      | Noticed an ogre
  3085 | D:4      | Killed an ogre
  3258 | D:4      | Found Malerer's Armour Shoppe.
  3277 | D:4      | Reached XP level 6. HP: 40/45 MP: 4/14
  3425 | D:4      | Learned a level 4 spell: Iskenderun's Mystic Blast
  3453 | D:4      | Found a staircase to the Ecumenical Temple.
  3496 | D:4      | Reached skill level 5 in Conjurations
  4199 | D:5      | Entered Level 5 of the Dungeon
  4261 | D:5      | Reached XP level 7. HP: 44/50 MP: 8/16
  4845 | D:5      | Reached skill level 6 in Conjurations
  5400 | D:6      | Reached skill level 5 in Spellcasting
  5552 | D:6      | Reached XP level 8. HP: 39/57 MP: 9/19
  5981 | D:6      | Noticed a hornet
  6001 | D:6      | Noticed waddelsworth's ghost (novice GrEE)
  6003 | D:6      | Noticed a queen bee
  6004 | D:6      | Found a transporter.
  6007 | D:6      | Found a transporter.
  6008 | D:6      | Noticed Blork the orc
  6017 | D:6      | Killed Blork the orc
  6703 | D:7      | Reached skill level 7 in Conjurations
  7220 | D:7      | Noticed Pikel
  7250 | D:6      | Killed Pikel
  7251 | D:6      | Reached skill level 5 in Dodging
  7654 | D:7      | Reached skill level 8 in Conjurations
  8127 | D:7      | Reached XP level 9. HP: 52/62 MP: 15/21
  8792 | D:8      | Reached skill level 9 in Conjurations
  8869 | D:8      | Noticed a centaur warrior
  8915 | D:8      | Found a staircase to the Lair.
  8942 | Lair:1   | Entered Level 1 of the Lair of Beasts
  8942 | Lair:1   | Noticed a komodo dragon
  8953 | Lair:1   | Killed a komodo dragon
  8965 | Lair:1   | Noticed a seven-headed hydra
  9038 | Lair:1   | HP: 2/62 [seven-headed hydra (3)]
  9038 | Lair:1   | Mangled by a seven-headed hydra

Illustrated notes

Levels and vault maps discovered:
D:1:      eino_arrival_cavern_b, layout_rooms,
          dilly_ecumenical_altar_fadedgnrine
D:2:      layout_loops_cross, minmay_tromino_v4_b
D:3:      minmay_chambers_of_twos, layout_rooms, nicolae_ru_awakened_eye
D:4:      layout_gridville, temple_pool_b, serial_shops, shop
D:5:      layout_loops_ring
D:6:      layout_basic, gammafunk_ghost_hive, uniq_blork_the_orc
D:7:      layout_layer_cave, uniq_pikel
D:8:      minmay_the_grid_octo_tiled_squarecenter
          [minmay_the_grid_octo_fat_diamond, minmay_the_grid_octo_chip,
          minmay_the_grid_octo_odd_swirl, minmay_the_grid_octo_teeth,
          minmay_the_grid_square_5x5_megaprize_diamond,
          minmay_the_grid_square_5x5_bridge,
          minmay_the_grid_square_5x5_inverted_slash,
          minmay_the_grid_square_5x5_comb, minmay_the_grid_square_5x5_detours],
          layout_basic, dpeg_oklobed_lair, minmay_curled_crystal
Lair:1:   layout_cellular_growth, st_stairs_5

Skill      XL: |  1  2  3  4  5  6  7  8  9 |
---------------+----------------------------+-----
Spellcasting   | 2 3 4 5 6 |  6.0
Dodging        | 2 3 4 5 6 |  6.0
Stealth        | 2 3 4 |  4.0
Conjurations   | 4 5 6 8 9 |  9.4

Action                   |  1- 3 |  4- 6 |  7- 9 || total
-------------------------+-------+-------+-------++-------
Melee: Unarmed           |    10 |       |       ||    10
       Scimitar          |       |       |    11 ||    11
 Cast: Magic Dart        |    90 |    90 |   122 ||   302
       Searing Ray       |       |     6 |    34 ||    40
       Iskenderun's Myst |       |       |     4 ||     4
  Use: Scroll            |       |     1 |       ||     1
Armor: Robe              |     5 |     4 |     3 ||    12
       Steam dragon scal |       |       |     5 ||     5
Dodge: Dodged            |    13 |    14 |    41 ||    68
